AoeStats
← s6elhore

Arena

509598499Analyzed
1v1 RM · 6d ago on Sep 27, 2026· 38m 27s· 2 players
Game mode
Random Map
Map size
Tiny (2 player)
Population
200
Speed
Normal
Resources
Standard
Victory
Conquest
Starting age
Dark Age
Ending age
Imperial Age
RankedLock teamsTeams togetherTeam positionsShared explorationLock speedFull tech treeHidden civsTurbo modeCheats
Victory
Defeat
🇮🇳 Britons · India
595
+14
🇩🇪 Khmer · Germany
544
-14
s6elhore
11:09 Feudal Age
14:21 Castle Age
13:04 Double-Bit Axe
14:34 Stone Mining
19:32 Horse Collar
20:47 Gold Mining
22:34 Gold Shaft Mining
23:45 Bow Saw
23:40 Heavy Plow
27:49 Imperial Age
24:53 Man-at-Arms
24:54 Pikeman
26:44 Bloodlines
26:35 Husbandry
26:58 Forging
26:49 Scale Mail Armor
26:54 Scale Barding Armor
28:02 Wheelbarrow
27:13 Town Watch
27:13 Long Swordsman
28:00 Capped Ram
29:50 Iron Casting
29:30 Chain Mail Armor
28:47 Two-Handed Swordsman
31:40 Blast Furnace
31:06 Hand Cart
30:51 Town Patrol
32:13 Conscription
32:39 Town Patrol
32:46 Arson
35:16 Siege Ram
37:03 Elite Ballista Elephant
shishirnath
12:44 Feudal Age
16:53 Castle Age
15:24 Double-Bit Axe
15:34 Gold Mining
15:26 Horse Collar
18:52 Bow Saw
20:15 Gold Shaft Mining
19:36 Stone Mining
23:26 Husbandry
23:36 Scale Barding Armor
23:30 Fletching
23:15 Light Cavalry
25:38 Heavy Plow
31:17 Imperial Age
31:18 Bodkin Arrow
31:24 Padded Archer Armor
32:06 Coinage
32:12 Chain Barding Armor
33:08 Bracer
33:24 Leather Archer Armor
33:15 Cavalier
33:55 Crossbowman
35:13 Murder Holes
38:16 Arbalester
Connection lost

Rejoining the realm…

Still unreachable

The connection could not be restored.

Session expired

The server has moved on; the page needs a fresh start.